 Dungeon Crawl Stone Soup version 0.27-a0-423-gf312af23e9 (webtiles) character file.

Game seed: 2326018783737296865

9 Esekla the Sneak (level 2, -17/27 HPs)
             Began as a Deep Dwarf Delver on Feb 27, 2021.
             Demolished by an ogre
             ... wielding a +0 giant club
              (23 damage)
             ... on level 5 of the Dungeon.
             The game lasted 00:02:18 (232 turns).

Esekla the Sneak (Deep Dwarf Delver)                 Turns: 232, Time: 00:02:19

Health: -17/27     AC:  6    Str: 15    XL:     2   Next: 3%
Magic:  2/2        EV: 12    Int: 10    God:
Gold:   86         SH:  0    Dex: 14    Spells: 1/1 levels left

rFire    . . .     SeeInvis .   a - +0 falchion
rCold    . . .     Faith    .   (no shield)
rNeg     . . .     Spirit   .   b - +0 leather armour
rPois    .         Reflect  .   h - +2 helmet
rElec    .         Harm     .   (no cloak)
rCorr    .         Rampage  .   (no gloves)
Will     .....                  (no boots)
Stlth    +++.......             (no amulet)
HPRegen  0.00/turn              (no ring)
MPRegen  0.08/turn              (no ring)

@: non-regenerating
A: damage resistance, heal wounds, sense surroundings 1, no regeneration
a: Heal Wounds


You were on level 5 of the Dungeon.
You visited 1 branch of the dungeon, and saw 2 of its levels.

You collected 86 gold pieces.

Inventory:

Hand Weapons
 a - a +0 falchion (weapon)
Missiles
 i - 2 boomerangs
Armour
 b - a +0 leather armour (worn)
 h - a +2 helmet (worn)
Wands
 g - a wand of digging (3)
Scrolls
 c - 2 scrolls of fog
 d - a scroll of magic mapping
 e - a scroll of fear
Potions
 f - a potion of haste


   Skills:
 * Level 2.7 Fighting
 * Level 2.0 Long Blades
 * Level 0.3 Armour
 * Level 2.3 Dodging
 + Level 6.2 Stealth
 * Level 0.2 Spellcasting


You had one spell level left.
You didn't know any spells.
Your spell library was empty.

Dungeon Overview and Level Annotations

Branches:
Dungeon (5/15)
 Temple: D:4-7

Altars:
Kikubaaqudgha
Sif Muna
Vehumet
Xom
Zin


Innate Abilities, Weirdness & Mutations

You are resistant to damage.
You can heal yourself by infusing magical energy.
You passively map a small area around you.
You do not regenerate.


Message History

The ogre shouts!
A bullfrog zombie comes into view.
There is a stone staircase leading up here.
You open the door.
Found 2 boomerangs.
There is an open door here.
You close the door.
An ogre opens the door.
You see here 2 boomerangs.
i - 2 boomerangs You open the door.
A quokka skeleton comes into view.
You hit the ogre.
The ogre is lightly wounded.
The ogre hits you with a +0 giant club.
You hit the ogre.
The ogre is moderately wounded.
The ogre hits you but does no damage.
You barely miss the ogre.
The ogre is moderately wounded.
The ogre misses you.
You riposte.
You hit the ogre.
The ogre is moderately wounded.
You hit the ogre.
The ogre is heavily wounded.
The ogre barely misses you.
You hit the ogre.
The ogre is heavily wounded.
You hit the ogre but do no damage.
The ogre is heavily wounded.
The ogre hits you with a +0 giant club!!
Ouch! That really hurt!
* * * LOW HITPOINT WARNING * * *
You closely miss the ogre.
The ogre is heavily wounded.
The ogre hits you but does no damage.
You hit the ogre but do no damage.
The ogre is heavily wounded.
The ogre hits you with a +0 giant club!!
Ouch! That really hurt!
You die...

,,* #.# , * , * .. , * *
* #. , ##+## ,,. , ,
##...## **# * ##.....##
###### , * ##.......##
#.<... ,
...####.........###....#
,
..Z...'@O.......'.......
*
*...####.........###....#
* ##.......## #.#..#
##.....## #.##.# *
##...## #..... ##+##
####.# * * #.# * * * *
#.# , , , ,, , * #.#


You could see an ogre and a quokka skeleton.

Vanquished Creatures
  A white imp (D:5)
  An orc (D:4)
2 creatures vanquished.

Notes
Turn   | Place    | Note
-------+----------+-------------------------------------------
     0 | D:5      | Esekla the Deep Dwarf Delver began the quest for the Orb.
     0 | D:5      | Reached XP level 1. HP: 20/20 MP: 1/1
    17 | D:5      | HP: 1/20 [white imp/puff of frost (6)]
    64 | D:4      | Noticed a scorpion
   165 | D:4      | Reached XP level 2. HP: 25/27 MP: 2/2
   169 | D:4      | Found a shimmering blue altar of Sif Muna.
   171 | D:4      | Found a shimmering altar of Xom.
   171 | D:4      | Found a radiant altar of Vehumet.
   173 | D:4      | Found a glowing silver altar of Zin.
   174 | D:4      | Found an ancient bone altar of Kikubaaqudgha.
   199 | D:5      | Noticed an ogre
   232 | D:5      | Demolished by an ogre

Illustrated notes

Levels and vault maps discovered:
D:4:      layout_cave_pools, grunt_temple_overflow_open
D:5:      layout_loops_corners, minmay_misc_feat_tower

Action                   || total
-------------------------++-------
Melee: Falchion          ||    20
 Abil: Heal Wounds       ||     1
Armor: Leather armour    ||     2
Dodge: Dodged            ||     7
       Rpst.: Falchion   ||     3

Table legend: (Time is in decaauts)
 A = Elapsed time spent in this place.
 B = Non-inter-level travel time spent in this place.
 C = Inter-level travel time spent in this place.
 D = Time resting spent in this place.
 E = Time spent auto-exploring this place.
 F = Levels seen in this place.
 G = Mean time per level.
                   A        B        C        D        E       F      G
               +--------+--------+--------+--------+--------+-----+--------+
         Total |    236 |    236 |      0 |      0 |      0 |   2 |  118.0 |
       Dungeon |    236 |    236 |      0 |      0 |      0 |   2 |  118.0 |
               +--------+--------+--------+--------+--------+-----+--------+

Top non-repeatable levels by time:
     D:4: 156 daAuts
     D:5: 79 daAuts
